 Dungeon Crawl Stone Soup version 0.28-a0-1339-ga5422284a4 (webtiles) character file.

Game seed: 6004084852708032427

7 chakani the Ruffian (level 1, -1/16 HPs)
             Began as a Draconian Transmuter on Dec 28, 2021.
             Slain by a hobgoblin (4 damage)
             ... on level 1 of the Dungeon.
             The game lasted 00:00:17 (88 turns).

chakani the Ruffian (Draconian Transmuter)            Turns: 88, Time: 00:00:17

Health: -1/16      AC:  4    Str: 12    XL:     1   Next: 83%
Magic:  3/3        EV: 12    Int: 13    God:
Gold:   6          SH:  0    Dex: 11    Spells: 3/4 levels left

rFire   . . .      SeeInvis .     - Unarmed
rCold   . . .      Faith    .   (no shield)
rNeg    . . .      Spirit   .   (armour unavailable)
rPois   .          Reflect  .   (helmet restricted)
rElec   .          Harm     .   (no cloak)
rCorr   .          Rampage  .   (no gloves)
Will    .....                   (no boots)
Stlth   +.........              (no amulet)
HPRegen 0.05/turn               (no ring)
MPRegen 0.08/turn               (no ring)

@: no status effects
A: AC +4, unfitting armour, cold-blooded
a: no special abilities


You were on level 1 of the Dungeon.
You visited 1 branch of the dungeon, and saw 1 of its levels.

You collected 6 gold pieces.

You aren't carrying anything.


   Skills:
 + Level 1.3 Fighting
 + Level 1.9 Dodging
 + Level 3.1 Unarmed Combat
 + Level 2.1 Spellcasting
 + Level 2.1 Transmutations


You had 3 spell levels left.
You knew the following spells:

 Your Spells              Type           Power      Damage    Failure   Level
a - Beastly Appendage     Tmut           12%        N/A       11%         1

Your spell library contained the following spells:

 Spells                   Type           Power      Damage    Failure   Level
 Wereblood                Tmut           6%         N/A       16%         2
 Spider Form              Tmut/Pois      4%         N/A       43%         3
 Ice Form                 Ice/Tmut       4%         N/A       85%         4


Dungeon Overview and Level Annotations

Branches:
Dungeon (1/15)

Altars:


Innate Abilities, Weirdness & Mutations

Your plain brown scales are hard. (AC +4)
You cannot fit into any form of body armour.
You are cold-blooded and may be slowed by cold attacks.


Message History

The jackal is almost dead.
The jackal bites you but does no damage.
The jackal closely misses you.
You closely miss the jackal.
The jackal is almost dead.
A frilled lizard comes into view.
The jackal bites you.
The frilled lizard hisses angrily.
You hit the jackal but do no damage.
Your tail-slap misses the jackal.
The jackal is almost dead.
The jackal closely misses you. The jackal barely misses you.
You see here a jackal corpse.
The jackal bites you.
* * * LOW HITPOINT WARNING * * *
The jackal closely misses you. The jackal bites you.
* * * LOW HITPOINT WARNING * * *
The jackal barely misses you.
You completely miss the jackal.
The jackal is severely wounded.
The jackal barely misses you.
You hit the jackal.
You kill the jackal!
You hit the kobold.
You kill the kobold!
Found a stone staircase leading down.
Found 12 gold pieces.
The hobgoblin closely misses you.
There is a stone staircase leading down here.
Found a scroll labelled LARI AFAMA.
The frilled lizard hisses.
The rat twitches its whiskers.
The hobgoblin completely misses you.
You see here a jackal corpse.
You see here a jackal corpse.
You hit the hobgoblin.
The hobgoblin is heavily wounded.
The hobgoblin hits you.
You die...

##### #. #.#.# #. #.#.# .##
# #.#.# ..# ##. #.#.# #.#
#.. #.#.# #.###.#
###.#.######....# ##
#......@gh.l...#
##...#####)#.#.######r..#
...........#.#.# #...##
##...####..#.#[# ####..>.##
## #.l#.#.# #........#
#.#####..#.#.# #.l$........
#........#.#.###r........##
...###'###........##....####
#8...8#..##....##....#


You could see a jackal, a hobgoblin, a frilled lizard and a rat.

Vanquished Creatures
  An endoplasm (D:1)
  3 jackals (D:1)
  A kobold (D:1)
5 creatures vanquished.

Notes
Turn   | Place    | Note
-------+----------+-------------------------------------------
     0 | D:1      | chakani the Draconian Transmuter began the quest for the
                  | Orb.
     0 | D:1      | Reached XP level 1. HP: 16/16 MP: 3/3
    88 | D:1      | Slain by a hobgoblin

Illustrated notes

Levels and vault maps discovered:
D:1:      heliophobic_arrival_ceremonial_halls, layout_loops_ring,
          minmay_misc_feat_rugged, chequers_decorated_corner

Action                   || total
-------------------------++-------
Melee: Unarmed           ||    19
       Tailslap          ||     3
Armor: Skin              ||     5
Dodge: Dodged            ||    11

Table legend: (Time is in decaauts)
 A = Elapsed time spent in this place.
 B = Non-inter-level travel time spent in this place.
 C = Inter-level travel time spent in this place.
 D = Time resting spent in this place.
 E = Time spent auto-exploring this place.
 F = Levels seen in this place.
 G = Mean time per level.
                   A        B        C        D        E       F      G
               +--------+--------+--------+--------+--------+-----+--------+
         Total |     87 |     87 |      0 |      0 |     22 |   1 |   87.0 |
       Dungeon |     87 |     87 |      0 |      0 |     22 |   1 |   87.0 |
               +--------+--------+--------+--------+--------+-----+--------+

Top non-repeatable levels by time:
     D:1: 87 daAuts
